 Dungeon Crawl Stone Soup version 0.30-a0-715-gdb4ae3ece1 (webtiles) character file.

Game seed: 3563582401566537773

63 Shayle the Poker (level 3, 0/42 HPs)
             Began as a Demonspawn Reaver on Jan 24, 2023.
             Slain by an orc
             ... wielding a +0 short sword
              (3 damage)
             ... on level 2 of the Dungeon.
             The game lasted 00:05:20 (1201 turns).

Shayle the Poker (Demonspawn Reaver)                Turns: 1201, Time: 00:05:21

Health: 0/42       AC:  5    Str: 12    XL:     3   Next: 89%
Magic:  0/6        EV: 11    Int: 16    God:
Gold:   34         SH:  0    Dex: 11    Spells: 5/6 levels left

rFire   . . .      SeeInvis .    g - +0 scimitar
rCold   . . .      Faith    .    (no shield)
rNeg    . . .      Spirit   +    b - +0 leather armour
rPois   .          Reflect  .    c - +0 helmet
rElec   .          Harm     .    (no cloak)
rCorr   .          Rampage  .    (no gloves)
Will    .....                    (no boots) Stlth
                                 i - amulet of guardian spirit
HPRegen 0.27/turn                (no ring)
MPRegen 0.10/turn                (no ring)

@: berserking, invisible, very quick
A: claws 1, sharp scales 1
a: no special abilities


You were on level 2 of the Dungeon.
You visited 1 branch of the dungeon, and saw 2 of its levels.

You collected 34 gold pieces.

Inventory:

Hand Weapons
 a - a +0 spear
 g - a +0 scimitar (weapon)
 h - a +2 dagger of speed
Armour
 b - a +0 leather armour (worn)
 c - a +0 helmet (worn)
Jewellery
 i - an amulet of guardian spirit (around neck)
Scrolls
 l - a scroll of fear {unknown}
Potions
 f - a potion of heal wounds {unknown}
 j - a potion of might {unknown}
 k - a potion of mutation {unknown}


   Skills:
 + Level 2.5 Fighting
 + Level 3.1 Polearms
 + Level 2.2 Dodging
 * Level 2.1 Stealth
 - Level 2.0 Spellcasting
 - Level 3.0 Conjurations


You had 5 spell levels left.
You knew the following spells:

 Your Spells              Type           Power      Damage    Failure   Level
a - Kiss of Death         Conj/Necr      24%        2d7       14%         1

Your spell library contained the following spells:

 Spells                   Type           Power      Damage    Failure   Level
 Momentum Strike          Conj/Tloc      12%        3d8       22%         2
 Hailstorm                Conj/Ice       6%         3d4       38%         3


Dungeon Overview and Level Annotations

Branches:
Dungeon (2/15)

Altars:


Innate Abilities, Weirdness & Mutations

You have sharp fingernails.
You are partially covered in razor-sharp scales. (AC +1, Slay +1)


Message History

The orc priest calls down the wrath of Beogh upon you.
Beogh smites you!
* * * LOW HITPOINT WARNING * * *
The orc barely misses you. The orc hits you with a +0 club.
* * * LOW HITPOINT WARNING * * *
You fade into invisibility!
The orc throws a boomerang.
The boomerang hits the orc priest.
The orc hits you but does no damage. The orc closely misses you.
The orc priest closely misses you. The orc hits you but does no damage.
It was a potion of berserk rage.
A red film seems to cover your vision as you go berserk!
You feel yourself moving faster!
You feel mighty! The orc hits you but does no damage.
The orc barely misses you. The orc closely misses you.
The orc priest closely misses you.
You barely miss the orc priest.
The orc priest is heavily wounded.
The orc closely misses you. The orc hits you with a +0 club.
* * * LOW HITPOINT WARNING * * *
You closely miss the orc priest.
The orc priest is heavily wounded.
The orc priest barely misses you. The orc barely misses you.
The orc hits you but does no damage.
You slash the orc priest!
You kill the orc priest!
The orc closely misses you. The orc hits you but does no damage.
Your Stealth skill increases to level 2!
You barely miss the orc. The frilled lizard closely misses you.
The orc throws a boomerang.
The boomerang hits the frilled lizard.
The orc barely misses you. x2
You closely miss the orc.
The frilled lizard bites you but does no damage.
The orc hits you but does no damage.
The orc throws a boomerang.
The boomerang hits the frilled lizard.
The frilled lizard dies!
The orc closely misses you. The orc barely misses you.
You catch the helpless orc completely off-guard!
You hit the orc.
The orc is moderately wounded.
The orc hits you with a +0 short sword.
You die...

#....<....#..# #........#
#......<.....###.....(..#
#....>.......)†.........+
#....####.#.####........#
####.# #.....# #........#
#.##........#........#
#+#..##+##..#........#
...# #.o........# ....
#.o@.......# ...
#.)o.......# #..#########
#o. #..# .... ..... ##...


You could see 4 orcs.

Vanquished Creatures
  An orc priest (D:2)
  3 dart slugs
  2 endoplasms (D:1)
  2 giant cockroaches (D:1)
  3 goblins (D:1)
  A hobgoblin (D:1)
  2 quokkas (D:1)
  5 ball pythons
  5 bats
  4 frilled lizards
  3 kobolds
  6 rats (D:1)
37 creatures vanquished.

Vanquished Creatures (others)
  A frilled lizard (D:2)
1 creature vanquished.

Grand Total: 38 creatures vanquished

Notes
Turn   | Place    | Note
-------+----------+-------------------------------------------
     0 | D:1      | Shayle the Demonspawn Reaver began the quest for the Orb.
     0 | D:1      | Reached XP level 1. HP: 16/16 MP: 3/3
   177 | D:1      | Gained mutation: You have sharp fingernails. [demonic
                  | ancestry]
   177 | D:1      | Reached XP level 2. HP: 22/22 MP: 5/5
   393 | D:1      | Reached skill level 1 in Stealth
   623 | D:1      | Gained mutation: You are partially covered in razor-sharp
                  | scales. (AC +1, Slay +1) [demonic ancestry]
   623 | D:1      | Reached XP level 3. HP: 25/28 MP: 3/6
  1196 | D:2      | HP: 2/42 [orc/+0 club (2)]
  1201 | D:2      | Slain by an orc

Illustrated notes

Levels and vault maps discovered:
D:1:      lemuel_arrival_hallway, layout_basic
D:2:      layout_basic, kennysheep_jessica_study

Skill      XL: |  1  2  3 |
---------------+----------+-----
Dodging        | 2 |  2.2
Stealth        | 1 2 |  2.1
Polearms       | 3 |  3.1
Fighting       | |  2.5
Spellcasting   | |  2.0
Conjurations   | |  3.0

Action                     || total
---------------------------++-------
  Melee: Spear             ||    47
         Punch             ||     2
         Scimitar          ||    92
    Use: Scroll            ||     4
         Potion            ||     2
   Stab: Invisible         ||     1
 Armour: Leather armour    ||    75
  Dodge: Dodged            ||   124

Table legend: (Time is in decaauts)
 A = Elapsed time spent in this place.
 B = Non-inter-level travel time spent in this place.
 C = Inter-level travel time spent in this place.
 D = Time resting spent in this place.
 E = Time spent auto-exploring this place.
 F = Levels seen in this place.
 G = Mean time per level.
                   A        B        C        D        E       F      G
               +--------+--------+--------+--------+--------+-----+--------+
         Total |   1233 |   1205 |     28 |     32 |    740 |   2 |  616.5 |
       Dungeon |   1233 |   1205 |     28 |     32 |    740 |   2 |  616.5 |
               +--------+--------+--------+--------+--------+-----+--------+

Top non-repeatable levels by time:
     D:1: 1138 daAuts
     D:2: 94 daAuts
